 Dungeon Crawl Stone Soup version 0.27-a0-1442-g87b6fcb595 (webtiles) character file.

Game seed: 8015458253552474098

46 funkygono the Grasshopper (level 3, -4/31 HPs)
             Began as a Gnoll Warper on July 4, 2021.
             Slain by a gnoll (12 damage)
             ... on level 2 of the Dungeon.
             The game lasted 00:03:50 (2046 turns).

funkygono the Grasshopper (Gnoll Warper)            Turns: 2046, Time: 00:03:51

Health: -4/31      AC:  4    Str: 11    XL:     3   Next: 66%
Magic:  7/9        EV: 12    Int: 12    God:
Gold:   50         SH:  0    Dex: 11    Spells: 7/12 levels left

rFire    . . .     SeeInvis .   a - +1 falchion
rCold    . . .     Faith    .   (no shield)
rNeg     . . .     Spirit   .   b - +1 leather armour
rPois    .         Reflect  .   (no helmet)
rElec    .         Harm     .   (no cloak)
rCorr    .         Rampage  .   (no gloves)
Will     .....                  (no boots)
Stlth    +.........             (no amulet)
HPRegen  0.10/turn              (no ring)
MPRegen  0.11/turn              (no ring)

@: no status effects
A: fangs 1, strong nose, distributed training
a: no special abilities


You were on level 2 of the Dungeon.
You visited 1 branch of the dungeon, and saw 2 of its levels.

You collected 50 gold pieces.

Inventory:

Hand Weapons
 a - a +1 falchion (weapon)
Missiles
 d - 5 boomerangs of dispersal (quivered)
Armour
 b - a +1 leather armour (worn)
Scrolls
 c - a scroll of blinking
Potions
 e - a potion of brilliance {unknown}


   Skills:
 + Level 4.5 Fighting
 + Level 0.9 Short Blades
 + Level 4.5 Long Blades
 + Level 0.9 Axes
 + Level 0.9 Maces & Flails
 + Level 0.9 Polearms
 + Level 0.9 Staves
 + Level 0.9 Slings
 + Level 0.9 Bows
 + Level 0.9 Crossbows
 + Level 2.6 Throwing
 + Level 2.6 Armour
 + Level 4.5 Dodging
 + Level 0.9 Stealth
 + Level 0.9 Shields
 + Level 0.9 Unarmed Combat
 + Level 5.0 Spellcasting
 + Level 0.6 Conjurations
 + Level 0.6 Hexes
 + Level 0.6 Summonings
 + Level 0.6 Necromancy
 + Level 5.4 Translocations
 + Level 0.6 Transmutations
 + Level 0.6 Fire Magic
 + Level 0.6 Ice Magic
 + Level 0.6 Air Magic
 + Level 0.6 Earth Magic
 + Level 0.6 Poison Magic
 + Level 1.0 Invocations
 + Level 0.9 Evocations


You had 7 spell levels left.
You knew the following spells:

 Your Spells              Type           Power      Damage    Failure   Level
a - Blink                 Tloc           N/A        N/A       4%          2
b - Gell's Gravitas       Tloc           8%         N/A       9%          3

Your spell library contained the following spells:

 Spells                   Type           Power      Damage    Failure   Level
 Lesser Beckoning         Tloc           8%         N/A       9%          3
 Teleport Other           Tloc           16%        N/A       9%          3
 Manifold Assault         Tloc           16%        N/A       61%         5


Dungeon Overview and Level Annotations

Branches:
Dungeon (2/15)

Altars:

Shops:
D:1 (


Innate Abilities, Weirdness & Mutations

You have very sharp teeth.
Your uncanny sense of smell can sniff out nearby items.
Your experience applies equally to all skills.


Message History

You kill the goblin!
You see here a +0 club.
Found a stone staircase leading down.
A gnoll is nearby!
The gnoll shouts!
You hear a shout!
You see here a +0 club.
Sorry, you're not good enough to have a special ability.
Hit: a) +1 falchion
Press: ? - help, Dir - move target
Okay, then.
Casting: Blink (safe; 4% risk of failure)
Confirm with . or Enter, or press ? or * to list all spells.
You don't know that spell.
Casting: Blink (safe; 4% risk of failure)
Confirm with . or Enter, or press ? or * to list all spells.
The spell is quite dangerous to cast (9% risk of failure)!
Continue anyway?
Aiming: Gell's Gravitas (quite dangerous; 9% risk of failure)
Press: ? - help, Dir - move target, f - gnoll
Aim: a gnoll, wielding a +0 halberd Gravity reorients around the gnoll.
The gnoll collides with the gnoll!
You hear a shout!
Something collides with the gnoll!
Unknown command.
The gnoll barely misses you. The gnoll misses you.
The gnoll closely misses you.
You completely miss the gnoll. The gnoll hits you with a +0 halberd!
You barely miss the gnoll. The gnoll completely misses you.
You hit the gnoll.
The gnoll is moderately wounded.
The gnoll hits you with a +0 halberd!
* * * LOW HITPOINT WARNING * * *
You completely miss the gnoll.
The gnoll is moderately wounded.
The gnoll barely misses you.
You riposte.
You barely miss the gnoll.
The gnoll is moderately wounded.
You hit the gnoll.
The gnoll is heavily wounded.
The gnoll hits you with a +0 halberd!
You die...

####....†.......#.......#
............###.#.......#########
###########.# #.###.#............
#.# #........g..g...... #.#
#>.......g....g.... #.#
#####g#g#######.#.. #.# #)#.#
#.#.. #.#######.#.# #.#.#
#.....@ggg#.. #.#.g #############
#.##. #.##. #. #. .##. . ..... ..
.#### ... #..


You could see 3 gnolls.

Vanquished Creatures
  An adder (D:1)
  A worm (D:2)
  3 endoplasms (D:1)
  A giant cockroach (D:2)
  7 goblins
  3 hobgoblins (D:1)
  3 jackals (D:2)
  A quokka (D:1)
  A ball python (D:1)
  4 bats
  3 frilled lizards (D:1)
  2 rats
30 creatures vanquished.

Notes
Turn   | Place    | Note
-------+----------+-------------------------------------------
     0 | D:1      | funkygono the Gnoll Warper began the quest for the Orb.
     0 | D:1      | Reached XP level 1. HP: 20/20 MP: 6/6
   165 | D:1      | Reached XP level 2. HP: 14/26 MP: 7/7
   169 | D:1      | Learned a level 2 spell: Blink
   320 | D:1      | Found a faded altar of an unknown god.
   334 | D:1      | Found Gemuh's Antique Weapon Shoppe.
  1171 | D:1      | Reached XP level 3. HP: 29/31 MP: 9/9
  1244 | D:2      | Reached skill level 5 in Spellcasting
  1624 | D:2      | Reached skill level 1 in Invocations
  1628 | D:2      | Learned a level 3 spell: Gell's Gravitas
  2046 | D:2      | Slain by a gnoll

Illustrated notes

Levels and vault maps discovered:
D:1:      dpeg_arrival_rooms_with_view, layout_basic, serial_shops,
          nicolae_shop_statue_plus, hellmonk_ecumenical_altar_heavens_door
D:2:      layout_basic

Skill      XL: |  1  2  3 |
---------------+----------+-----
Spellcasting   | 5 |  5.0
Invocations    | 1 |  1.0
Fighting       | |  4.5
Short Blades   | |  0.9
Long Blades    | |  4.5
Axes           | |  0.9
Maces & Flails | |  0.9
Polearms       | |  0.9
Staves         | |  0.9
Slings         | |  0.9
Bows           | |  0.9
Crossbows      | |  0.9
Throwing       | |  2.6
Armour         | |  2.6
Dodging        | |  4.5
Stealth        | |  0.9
Shields        | |  0.9
Unarmed Combat | |  0.9
Conjurations   | |  0.6
Hexes          | |  0.6
Summonings     | |  0.6
Necromancy     | |  0.6
Translocations | |  5.4
Transmutations | |  0.6
Fire Magic     | |  0.6
Ice Magic      | |  0.6
Air Magic      | |  0.6
Earth Magic    | |  0.6
Poison Magic   | |  0.6
Evocations     | |  0.9

Action                   || total
-------------------------++-------
Melee: Falchion          ||    86
       Bite              ||    11
 Cast: Blink             ||     1
       Gell's Gravitas   ||     1
  Use: Scroll            ||     4
Armor: Leather armour    ||    13
Dodge: Dodged            ||    65
       Rpst.: Falchion   ||    19

Table legend: (Time is in decaauts)
 A = Elapsed time spent in this place.
 B = Non-inter-level travel time spent in this place.
 C = Inter-level travel time spent in this place.
 D = Time resting spent in this place.
 E = Time spent auto-exploring this place.
 F = Levels seen in this place.
 G = Mean time per level.
                   A        B        C        D        E       F      G
               +--------+--------+--------+--------+--------+-----+--------+
         Total |   2052 |   2038 |     14 |    207 |   1247 |   2 | 1026.0 |
       Dungeon |   2052 |   2038 |     14 |    207 |   1247 |   2 | 1026.0 |
               +--------+--------+--------+--------+--------+-----+--------+

Top non-repeatable levels by time:
     D:1: 1544 daAuts
     D:2: 507 daAuts
